 Dungeon Crawl Stone Soup version 0.15.1-4-gac8487e (webtiles) character file.

226 Johnny the Chiller (level 5, -2/40 HPs)
             Began as a Demigod Ice Elementalist on Oct 14, 2014.
             Slain by an orc wizard
             ... wielding a +0 dagger
              (5 damage)
             ... on Level 3 of the Dungeon.
             The game lasted 00:05:54 (2996 turns).

Johnny the Chiller (Demigod Ice Elementalist)       Turns: 2996, Time: 00:05:55

HP  -2/40        AC  5     Str 11      XL: 5   Next: 41%
MP   1/14        EV  9     Int 22      God:
Gold 220         SH  0     Dex 16      Spells:  2 memorised,  5 levels left

rFire  + . .     SeeInvis .     g - +1 dagger
rCold  . . .     Clarity  .     p - +0 ring mail
rNeg   . . .     rCorr    +     (no shield)
rPois  .         rRot     .     (no helmet)
rElec  .         Spirit   .     (no cloak)
SustAb .         Warding  .     (no gloves)
rMut   .         Stasis   .     (no boots)
Gourm  .                        o - amulet of resist corrosion
MR     .....                    (no ring)
                                j - ring of protection from fire

@: about to teleport, very slightly contaminated, hasted, very quick, not
resistant to hostile enchantments, very unstealthy
A: no striking features
a: no special abilities


You were on level 3 of the Dungeon.
You were hungry.

You visited 1 branch of the dungeon, and saw 4 of its levels.

You collected 220 gold pieces.

Inventory:

Hand weapons
 g - a +1 dagger (weapon)
Armour
 p - a +0 ring mail (worn)
Comestibles
 a - 2 rotting chunks of orc flesh
 c - 2 bread rations
 d - 2 slices of pizza
 h - a meat ration
 m - 3 fruits
 n - a beef jerky
Scrolls
 e - a scroll of teleportation
Jewellery
 j - a ring of protection from fire (left hand)
 o - an amulet of resist corrosion (around neck)
Potions
 i - a potion of haste
 k - a potion of curing
Books
 b - a book of Frost

   Spells                             Type                      Level
   *Freeze                            Ice                          1
   Throw Frost                        Conjuration/Ice              2
   Ozocubu's Armour                   Charms/Ice                   3
   Throw Icicle                       Conjuration/Ice              4
   *Summon Ice Beast                  Ice/Summoning                4
   Condensation Shield                Ice                          4


   Skills:
 * Level 1.5 Fighting
 + Level 1.3 Armour
 + Level 2.0 Dodging
 + Level 2.2 Stealth
 * Level 3.2 Spellcasting
   Level 0.8 Conjurations
 * Level 1.0 Summonings
 * Level 3.7 Ice Magic


You had 5 spell levels left.
You knew the following spells:

 Your Spells              Type           Power        Failure   Level  Hunger
a - Freeze                Ice            ###.         4%          1    None
b - Summon Ice Beast      Ice/Summ       ##......     77%         4    ####...


Dungeon Overview and Level Annotations

Branches:
Dungeon (4/15)
 Temple: D:4-7


Message History

You feel better.
It was a potion of curing.
The orc wizard gestures wildly while chanting.
The orc wizard flickers and vanishes!
Deactivating autopickup; reactivate with Ctrl-A.
Unknown command.
Casting: Freeze
Confirm with . or Enter, or press ? or * to list all spells.
You don't have enough magic to cast that spell.
Firing (i - inventory): No suitable missiles.
Press: ? - help, Shift-Dir - straight line, f - you
Okay, then.
You hit something but do no damage.
You hear some strange, mumbled words.
A puff of flame appears from out of thin air!
The puff of flame hits you! You resist.
* * * LOW HITPOINT WARNING * * *
Read which item? (? for menu, Esc to quit)
As you read the scroll of teleportation, it crumbles to dust.
You feel strangely unstable. Something hits you.
You die...

#.#.#....<#...........#####..#
#.#.#.#.###.#######..........#
##.#...#.# #.#######.#.######.#
.(...###.###.......#....# #.#
..##...............#....# #.#
..##.#...)..%......####.## #.#
####.#...................# #.#
######...........{..##.#.####.###
....##..........@...##.#.##....##
....##..............#.....#....#.
....##..............##.##.#....#.
^..%.'..................#..##.##.
....##(............####.#..##.###
....########.......# #.#...#.###
....# #.......# #.#........ ##'##
#....[..# #.#.#.#.### ##.######
######### #.#.#...# #


There were no monsters in sight!

Vanquished Creatures
  A jelly (D:4)
  An orc wizard (D:3)
  7 adders
  A gnoll (D:1)
  A worm (D:2)
  A giant gecko (D:1)
  4 oozes
  12 orcs
  3 giant cockroaches
  6 goblins
  10 hobgoblins
  4 jackals (D:1)
  10 kobolds
  7 bats
  4 giant newts
  2 quokkas
  10 rats
84 creatures vanquished.

Notes
Turn   | Place    | Note
--------------------------------------------------------------
     0 | D:1      | Johnny, the Demigod Ice Elementalist, began the quest for the Orb.
     0 | D:1      | Reached XP level 1. HP: 14/14 MP: 3/3
   190 | D:1      | Reached skill level 3 in Ice Magic
   190 | D:1      | Reached XP level 2. HP: 1/22 MP: 0/5
   960 | D:1      | Reached XP level 3. HP: 6/27 MP: 1/8
  1007 | D:1      | Reached skill level 1 in Fighting
  1887 | D:2      | Reached XP level 4. HP: 30/35 MP: 1/11
  1893 | D:2      | Learned a level 4 spell: Summon Ice Beast
  2220 | D:2      | Reached skill level 1 in Armour
  2471 | D:3      | Found a shadowy altar of Dithmenos.
  2530 | D:3      | Reached XP level 5. HP: 34/40 MP: 3/14
  2765 | D:3      | Found a bloodstained altar of Trog.
  2929 | D:4      | Found a viscous altar of Jiyva.
  2940 | D:4      | Reached skill level 1 in Summonings
  2992 | D:3      | HP: 2/40 [orc wizard/puff of frost (3)]
  2996 | D:3      | Slain by an orc wizard

Action                   |  1- 3 |  4- 6 || total
-------------------------+-------+-------++-------
Melee: Dagger            |    54 |    55 ||   109
 Cast: Freeze            |    62 |    76 ||   138
  Use: Scroll            |       |     4 ||     4
       Potion            |       |     2 ||     2
 Stab: Sleeping          |     1 |       ||     1
  Eat: Chunk             |     2 |     3 ||     5
       Fruit             |       |     1 ||     1
